Construct Section Command Post
Construct Platoon Command Post
Unlock M3 Stuart Light Tanks
Construct Field Infirmary
6-pounder Anti-tank Gun Team
Construct Company Command Post
Selects British Armored Battlegroup
Selects Rigorous Vehicle Training
Selects Crusader AA Medium Tank
Construct Company Command Post
6-pounder Anti-tank Gun Team
Selects Churchill Black Prince Heavy Tank
Selects Engineer Detachments
Churchill Black Prince Heavy Tank
Selects Forward Repair Assembly
Selects Designate Targets
6-pounder Anti-tank Gun Team